 Dungeon Crawl Stone Soup version 0.22-a0-307-g2b15929 (webtiles) character file.

263 xccam the Chopper (level 6, -3/47 HPs)
             Began as a Formicid Fighter on Apr 1, 2018.
             Slain by xccam's ghost (14 damage)
             ... on level 4 of the Dungeon.
             The game lasted 00:03:22 (2241 turns).

xccam the Chopper (Formicid Fighter)                Turns: 2241, Time: 00:03:24

Health: -3/47      AC:  8    Str: 23    XL:     6   Next: 43%
Magic:  6/6        EV: 13    Int:  7    God:
Gold:   179        SH: 10    Dex: 15    Spells: 5/5 levels left

rFire    . . .     SeeInvis +   a - +0 war axe
rCold    . . .     Gourm    .   c - +0 shield
rNeg     . . .     Faith    .   b - +0 scale mail
rPois    .         Spirit   .   (helmet unavailable)
rElec    .         Reflect  .   (no cloak)
rCorr    .         Harm     .   k - +0 pair of gloves
MR       .....                  (no boots)
Stlth    +.........             (no amulet)
HPRegen  0.15/turn              (no ring)
MPRegen  0.10/turn              (no ring)

@: agile
A: permanent stasis, dig shafts and tunnels, four strong arms, antennae 3
a: Dig, Shaft Self


You were on level 4 of the Dungeon.
You were hungry.

You visited 1 branch of the dungeon, and saw 4 of its levels.

You collected 179 gold pieces.

Inventory:

Hand Weapons
 a - a +0 war axe (weapon)
Armour
 b - a +0 scale mail (worn)
 c - a +0 shield (worn)
 k - a +0 pair of gloves (worn)
Jewellery
 p - an uncursed ring of ice {unknown}
Scrolls
 e - 5 scrolls of teleportation {unknown}
 g - 3 scrolls of identify {unknown}
 h - a scroll of enchant armour {unknown}
 j - a scroll of blinking {unknown}
 l - 2 scrolls of magic mapping {unknown}
 m - 2 scrolls of remove curse {unknown}
 n - a scroll of immolation {unknown}
Comestibles
 f - 8 rations


   Skills:
 - Level 3.2 Fighting
 + Level 6.3 Axes
 - Level 3.2 Armour
 - Level 3.6 Shields


You had 5 spell levels left.
You didn't know any spells.

Dungeon Overview and Level Annotations

Branches:
Dungeon (4/15)
 Temple: D:4-7

Altars:
Ashenzari
Makhleb
Okawaru
Wu Jian

Annotations:
D:4 xccam's ghost, amateur FoFi


Innate Abilities, Weirdness & Mutations

You cannot be hasted, slowed, berserked, paralysed or teleported.
You can dig through walls and to a lower floor.
Your four strong arms can wield two-handed weapons with a shield.
You have a pair of large antennae on your head. (SInv)


Message History

Xccam's ghost is moderately damaged.
Xccam's ghost hits you!
Your shield and scale mail prevent you from hitting xccam's ghost.
Xccam's ghost is moderately damaged.
You block xccam's ghost's attack. Xccam's ghost barely misses you.
You hit xccam's ghost.
Xccam's ghost is moderately damaged.
Xccam's ghost hits you but does no damage.
You slice xccam's ghost!!
Xccam's ghost is almost destroyed.
Xccam's ghost hits you!
* * * LOW HITPOINT WARNING * * *
You closely miss xccam's ghost.
Xccam's ghost is almost destroyed.
You block xccam's ghost's attack.
It was a potion of agility.
You feel agile all of a sudden.
Xccam's ghost whispers, "Trust me.
Just give in."
Xccam's ghost hits you!
You die...

#.# #.......# #.# #.#
#.......### ##.# #.#
###.....(.###..# #.#####
#..####...#.##
#.....###.......#.#.########
#####..<.....##..[#.#......#
#####.##.##..##.#.####.##
#.##................# #
#......@....#....#..# #
#.).##W#.##...##.#..####
........................
#...##.#.##...##.##.####
#...##.#.##....)..).# # #[..
#.......###)#### # #
###.###......#
......#....... #
#.#..#..#...


You could see xccam's ghost.

Vanquished Creatures
  The ghost of Nr616 the Cudgeler, a weakling GrFi (D:3)
  A jelly (D:4)
  An orc priest (D:3)
  3 orc wizards
  An adder (D:3)
  A dart slug (D:3)
  A leopard gecko (D:3)
  10 orcs
  3 giant cockroaches
  5 goblins
  8 hobgoblins
  3 quokkas
  A ball python (D:2)
  9 bats
  5 frilled lizards
  7 kobolds
  7 rats
67 creatures vanquished.

Notes
Turn   | Place    | Note
-------+----------+-------------------------------------------
     0 | D:1      | xccam the Formicid Fighter began the quest for the Orb.
     0 | D:1      | Reached XP level 1. HP: 18/18 MP: 1/1
   239 | D:1      | Reached XP level 2. HP: 18/24 MP: 2/2
   348 | D:1      | Reached skill level 3 in Axes
   584 | D:1      | Found a shattered altar of Ashenzari.
   791 | D:2      | Reached XP level 3. HP: 27/29 MP: 3/3
   956 | D:2      | Found a faded altar of an unknown god.
  1304 | D:2      | Found an iron altar of Okawaru.
  1460 | D:3      | Found an ornate altar of the Wu Jian Council.
  1544 | D:3      | Reached skill level 4 in Axes
  1544 | D:3      | Reached XP level 4. HP: 32/35 MP: 4/4
  1570 | D:3      | Found a shattered altar of Ashenzari.
  1572 | D:3      | Found a burning altar of Makhleb.
  1698 | D:3      | Reached skill level 5 in Axes
  1698 | D:3      | Reached XP level 5. HP: 34/41 MP: 5/5
  2046 | D:3      | Noticed Nr616's ghost (weakling GrFi)
  2053 | D:3      | Killed Nr616's ghost
  2053 | D:3      | Reached XP level 6. HP: 41/47 MP: 6/6
  2107 | D:4      | Reached skill level 6 in Axes
  2220 | D:4      | Noticed xccam's ghost (amateur FoFi)
  2241 | D:4      | Slain by xccam's ghost

Vault maps used:
D:1:      sevenhm_arrival_forest_fort_small_6
D:2:      lemuel_coloured_pillars_altar, chequers_ecumenical_altar_simple_redux
D:3:      lemuel_doored_altar, chequers_temple_overflow_statue_of_worship,
          first_ration
D:4:      overflow_temple_1_default, vehumet_statue, corexii_leaking_fountain,
          minmay_misc_feat_alley, minmay_mini_ossuary

Skill      XL: |  1  2  3  4  5  6 |
---------------+-------------------+-----
Axes           | 3 4 5 6 |  6.3
Fighting       | |  3.2
Armour         | |  3.2
Shields        | |  3.6

Action                   |  1- 3 |  4- 6 || total
-------------------------+-------+-------++-------
Melee: War axe           |   157 |    87 ||   244
  Use: Potion            |       |     4 ||     4
  Eat: Chunk             |     2 |     2 ||     4
Armor: Scale mail        |    73 |    29 ||   102
Dodge: Dodged            |    44 |    28 ||    72
Block: Shield            |    83 |    36 ||   119

Table legend:
 A = Spawn XP
 B = Non-spawn XP
 C = Spawn XP percentage of total XP
 D = Spawn monster count
 E = Non-spawn monster count
 F = Spawn count percentage of total count
 G = Total turns spent on level
                    A         B        C        D         E        F      G
               +---------+---------+-------+---------+---------+-------+---------
         Total |       0 |     377 |   0.0 |       0 |      67 |   0.0 |  2241
               +---------+---------+-------+---------+---------+-------+---------
           D:1 |       0 |      24 |   0.0 |       0 |      16 |   0.0 |   751
           D:2 |       0 |      22 |   0.0 |       0 |      14 |   0.0 |   585
           D:3 |       0 |     240 |   0.0 |       0 |      32 |   0.0 |   734
           D:4 |       0 |      91 |   0.0 |       0 |       5 |   0.0 |   171
               +---------+---------+-------+---------+---------+-------+---------
